 Dungeon Crawl Stone Soup version 0.23.1-37-gaa34b87b72 (webtiles) character file.

Game seed: 11738464329260342263

62 MisterOstroum the Sneak (level 3, -2/18 HPs)
             Began as a Spriggan Assassin on Mar 26, 2019.
             Shot with an arrow by a centaur (4 damage)
             ... on level 2 of the Dungeon.
             The game lasted 00:07:42 (1405 turns).

MisterOstroum the Sneak (Spriggan Assassin)         Turns: 1405, Time: 00:07:43

Health: -2/18      AC:  3    Str:  7    XL:     3   Next: 85%
Magic:  4/4        EV: 17    Int: 12    God:
Gold:   123        SH:  0    Dex: 18    Spells: 2/2 levels left

rFire    . . .     SeeInvis +   b - +0 blowgun
rCold    . . .     Gourm    .   (shield restricted)
rNeg     . . .     Faith    .   c - +0 robe
rPois    .         Spirit   .   (helmet restricted)
rElec    .         Reflect  .   d - +0 cloak
rCorr    .         Harm     .   (gloves unavailable)
MR       .....                  (boots unavailable)
Stlth    ++++......             (no amulet)
HPRegen  0.06/turn              k - ring of stealth
MPRegen  0.09/turn              (no ring)

@: very quick
A: very small, unfitting armour, see invisible, herbivore, speed 3, slow
metabolism 2
a: no special abilities


You were on level 2 of the Dungeon.
You were not hungry.

You visited 1 branch of the dungeon, and saw 2 of its levels.

You collected 123 gold pieces.

Inventory:

Hand Weapons
 a - a +2 dagger
 b - a +0 blowgun (weapon)
 n - a +0 dagger of venom
Missiles
 e - 21 poisoned needles
 f - a curare-tipped needle (quivered)
 l - 36 stones
Armour
 c - a +0 robe (worn)
 d - a +0 cloak (worn)
Jewellery
 k - a ring of stealth (left hand)
Scrolls
 i - 2 scrolls of identify {unknown}
 j - a scroll of noise {unknown}
 p - a scroll of remove curse {unknown}
 q - a scroll of fear {unknown}
 r - a scroll of fog {unknown}
Potions
 h - a potion of curing {unknown}
 m - a potion of lignification {unknown}
 o - a potion of magic {unknown}
Comestibles
 g - 2 rations


   Skills:
 + Level 1.5 Fighting
 - Level 2.1 Short Blades
 * Level 4.0 Throwing
 - Level 1.5 Dodging
 - Level 6.1 Stealth


You had 2 spell levels left.
You didn't know any spells.
Your spell library was empty.

Dungeon Overview and Level Annotations

Branches:
Dungeon (2/15)

Altars:
Nemelex Xobeh
Xom


Innate Abilities, Weirdness & Mutations

You are very small and have problems with some larger weapons.
You are too small for most types of armour.
You have supernaturally acute eyesight. (SInv)
You are a herbivore.
You cover ground extremely quickly.
You need to consume almost no food.


Message History

The centaur unwields a +0 club.
The centaur wields a +0 shortbow.
The centaur shoots an arrow.
The arrow closely misses you.
Things that are here:
a stone; a jackal corpse Wield which item (- for none, * to show all)? (? for menu, Esc to quit)
b - a +0 blowgun (weapon)
The centaur shoots an arrow.
The arrow hits you!
Quiver which item? (- for none, * to show all) (? for menu, Esc to quit)
Quivering
f - 2 curare-tipped needles for blowguns.
Firing (i - inventory. (/) - cycle)
f - 2 curare-tipped needles (quivered)
Press: ? - help, Shift-Dir - straight line, f - centaur
Aim: a centaur, wielding a +0 shortbow (lightly wounded)
You shoot a curare-tipped needle.
The curare-tipped needle barely misses the centaur.
The centaur shoots an arrow.
The arrow hits you!
* * * LOW HITPOINT WARNING * * *
Things that are here:
a cursed -2 club; a hobgoblin corpse The centaur shoots an arrow.
The arrow hits you.
You die...

..# #g## ####
.######(.##...###
.S....()(.....'..
.#######c(#...#.
##(# .# #)# #.# #.##
#.# #.@# #.# ##.##
#.# #..# #.# ##.#
#.# #.###.# #..##.#
#########.##.#
........).##.#######
########..##........


You could see a centaur and a goblin.

Vanquished Creatures
  A gnoll (D:1)
  An adder (D:2)
  An ooze (D:1)
  2 dart slugs (D:1)
  A leopard gecko (D:2)
  A bat (D:1)
  3 goblins
  8 hobgoblins
  2 jackals (D:2)
  5 kobolds
  A frilled lizard (D:2)
  8 rats
34 creatures vanquished.

Notes
Turn   | Place    | Note
-------+----------+-------------------------------------------
     0 | D:1      | MisterOstroum the Spriggan Assassin began the quest for the
                  | Orb.
     0 | D:1      | Reached XP level 1. HP: 10/10 MP: 2/2
    82 | D:1      | Reached skill level 6 in Stealth
    82 | D:1      | Reached XP level 2. HP: 14/14 MP: 3/3
   218 | D:1      | Found a sparkling altar of Nemelex Xobeh.
   695 | D:1      | Reached XP level 3. HP: 18/18 MP: 4/4
  1172 | D:2      | Found a shimmering altar of Xom.
  1393 | D:2      | Noticed a centaur
  1405 | D:2      | Shot with an arrow by a centaur

Skill      XL: |  1  2  3 |
---------------+----------+-----
Stealth        | 6 |  6.1
Throwing       | 3 4 |  4.0
Fighting       | |  1.5
Short Blades   | |  2.1
Dodging        | |  1.5

Action                   || total
-------------------------++-------
Melee: Dagger            ||    54
 Fire: Blowgun           ||    61
Throw: Stone             ||    20
 Stab: Sleeping          ||     6
Armor: Robe              ||     5
Dodge: Dodged            ||    44
